 Dungeon Crawl Stone Soup version 0.23-a0-550-g7de1f8e (webtiles) character file.

154 Geeful the Sneak (level 5, -7/31 HPs)
             Began as an Octopode Earth Elementalist on Dec 9, 2018.
             Killed by nerve-wracking pain
             ... invoked by an orc priest
              (13 damage)
             ... on level 3 of the Dungeon.
             The game lasted 00:08:10 (2721 turns).

Geeful the Sneak (Octopode Earth Elementalist)      Turns: 2721, Time: 00:08:10

Health: -7/31      AC:  1    Str:  7    XL:     5   Next: 36%
Magic:  9/9        EV: 19    Int: 18    God:
Gold:   148        SH:  0    Dex: 18    Spells: 4/10 levels left

rFire    . . .     SeeInvis .   d - +1 dagger
rCold    . . .     Gourm    .   (no shield)
rNeg     . . .     Faith    .   (helmet restricted)
rPois    .         Spirit   .   (no amulet)
rElec    .         Reflect  .   (no ring)
rCorr    .         Harm     .   (no ring)
MR       .....                  (no ring)
Stlth    +++++.....             (no ring)
HPRegen  0.10/turn              (no ring)
MPRegen  0.11/turn              (no ring)
                                (no ring)
                                (no ring)

@: agile, very slightly contaminated, drained, invisible
A: almost no armour, stealthy swim, amphibious, 8 rings, constrict 8, camouflage
1, gelatinous body 1
a: no special abilities


You were on level 3 of the Dungeon.
You were not hungry.

You visited 1 branch of the dungeon, and saw 3 of its levels.

You collected 148 gold pieces.

Inventory:

Hand Weapons
 d - a +1 dagger (weapon)
Missiles
 b - 82 stones (quivered)
Armour
 a - a +0 buckler
 i - a +0 shield
Scrolls
 e - 2 scrolls of enchant armour
Potions
 g - a potion of agility
 h - a potion of flight
 j - a potion of degeneration {unknown}
 l - a potion of cancellation {unknown}
Comestibles
 c - 8 rations


   Skills:
 + Level 3.1(2.5) Dodging
 - Level 4.4(3.7) Stealth
 * Level 0.1(0.0) Shields
 + Level 3.0(2.4) Spellcasting
 - Level 1.0(0.4) Transmutations
 + Level 3.8(3.2) Earth Magic


You had 4 spell levels left.
You knew the following spells:

 Your Spells              Type           Power        Failure   Level  Hunger
a - Sandblast             Erth           ##....       4%          1    #......
b - Passwall              Tmut/Erth      #.......     12%         2    ##.....
c - Stone Arrow           Conj/Erth      #.....       26%         3    ###....

Your spell library contained the following spells:

 Spells                   Type           Power        Failure   Level  Hunger
 Petrify                  Tmut/Erth      #.......     63%         4    #####..
 Lee's Rapid Deconstruct  Erth           ##........   77%         5    ######.


Dungeon Overview and Level Annotations

Branches:
Dungeon (3/15)

Altars:
Vehumet


Innate Abilities, Weirdness & Mutations

You cannot wear most types of armour.
You are very stealthy in the water. (Stealth+)
You are amphibious.
You can wear up to eight rings at the same time.
You can use your tentacles to constrict eight enemies at once.
Your skin changes colour to match your surroundings (Stealth+).
Your rubbery body absorbs attacks. (AC +1, EV +1)


Message History

You fade into invisibility!
The orc hits you with a +0 hand axe.
You are very lightly contaminated with residual magic.
You closely miss the orc priest. You grab the orc priest.
You constrict the orc priest.
The orc priest hits you with a +1 flail of draining.
* * * LOW HITPOINT WARNING * * *
You feel drained.
* * * LOW HITPOINT WARNING * * *
The orc barely misses you.
You hit the orc. You grab the orc.
The orc is heavily wounded.
You constrict the orc. You constrict the orc priest.
The orc struggles to escape constriction.
The orc priest barely misses you. The orc misses you.
You feel agile all of a sudden.
You constrict the orc. You constrict the orc priest. The orc barely misses you.
The orc priest mumbles some strange prayers to Beogh against you.
Pain shoots through your body!
You die...

########
+......###########
######...##......#
#...##......#
#...##.o....#
#...##@o....#
######.†..#.o....#
+.........'.)...>#
###.###...#..$.....
#.# #...#.######.
#.# #...### #.#
#.).# #.# #...#
##.###...###


You could see an orc priest and 2 orcs.

Vanquished Creatures
  Natasha (thrice) (D:2)
  A worker ant (D:3)
  An adder (D:2)
  An ooze (D:2)
  A worm (D:2)
  3 dart slugs
  An orc (D:3)
  2 giant cockroaches (D:1)
  4 hobgoblins
  2 jackals (D:1)
  8 bats
  2 frilled lizards
  6 goblins
  2 kobolds
  6 rats
43 creatures vanquished.

Notes
Turn   | Place    | Note
-------+----------+-------------------------------------------
     0 | D:1      | Geeful the Octopode Earth Elementalist began the quest for
                  | the Orb.
     0 | D:1      | Reached XP level 1. HP: 11/11 MP: 3/3
   140 | D:1      | Reached skill level 3 in Stealth
   140 | D:1      | Reached XP level 2. HP: 17/17 MP: 3/5
   416 | D:1      | Learned a level 2 spell: Passwall
  1403 | D:2      | Reached XP level 3. HP: 6/21 MP: 3/6
  1649 | D:2      | Noticed Natasha
  1662 | D:2      | Killed Natasha
  1696 | D:2      | Noticed Natasha
  1703 | D:2      | Killed Natasha
  1703 | D:2      | Reached XP level 4. HP: 26/27 MP: 3/8
  1821 | D:2      | Noticed Natasha
  1836 | D:2      | Killed Natasha
  1836 | D:2      | Reached skill level 4 in Stealth
  2098 | D:2      | Reached XP level 5. HP: 31/31 MP: 9/9
  2103 | D:2      | Learned a level 3 spell: Stone Arrow
  2111 | D:2      | Found a radiant altar of Vehumet.
  2721 | D:3      | Killed from afar by an orc priest

Vault maps used:
D:1:      minmay_arrival_hallway, serial_rivers, chequers_serial_rivers_small_b,
          chequers_serial_rivers_micro_e, chequers_serial_rivers_micro_a,
          chequers_serial_rivers_micro_d, chequers_serial_rivers_small_3
D:2:      vehumet_crystals, first_ration, serial_rivers,
          chequers_serial_rivers_marsh, chequers_serial_rivers_large_a,
          chequers_serial_rivers_micro_b, chequers_serial_rivers_large_b,
          chequers_serial_rivers_small_b, uniq_natasha
D:3:      minmay_puff

Skill      XL: |  1  2  3  4  5 |
---------------+----------------+-----
Stealth        | 3 4 |  4.4
Dodging        | 3 |  3.1
Spellcasting   | 3 |  3.0
Shields        | |  0.1
Transmutations | |  1.0
Earth Magic    | |  3.8

Action                   |  1- 3 |  4- 6 || total
-------------------------+-------+-------++-------
Melee: Unarmed           |    14 |       ||    14
       Constrict         |    15 |     9 ||    24
       Tentacles         |     9 |     5 ||    14
       Dagger            |    34 |    31 ||    65
 Cast: Sandblast         |    16 |     8 ||    24
       Passwall          |       |     1 ||     1
  Use: Scroll            |     4 |     3 ||     7
       Potion            |       |     3 ||     3
 Stab: Sleeping          |     6 |     8 ||    14
  Eat: Chunk             |     2 |     4 ||     6
Armor: Skin              |    14 |     2 ||    16
Dodge: Dodged            |    52 |    12 ||    64

Table legend:
 A = Non-vault XP
 B = Vault XP
 C = Vault XP percentage of total XP
 D = Non-vault monster count
 E = Vault monster count
 F = Vault count percentage of total count
                 A         B        C        D         E       F
            +---------+---------+-------+---------+---------+-------
      Total |     188 |      33 |  14.9 |      42 |       1 |   2.3
            +---------+---------+-------+---------+---------+-------
        D:1 |      32 |       0 |   0.0 |      17 |       0 |   0.0
        D:2 |     119 |      33 |  21.7 |      21 |       1 |   4.5
        D:3 |      37 |       0 |   0.0 |       4 |       0 |   0.0
            +---------+---------+-------+---------+---------+-------
